 Dungeon Crawl Stone Soup version 0.20.0-4-g10b340a (webtiles) character file.

461 Gorglomux the Skirmisher (level 7, 0/37 HPs)
             Began as a Vine Stalker Fighter on May 27, 2017.
             Slain by Menkaure (12 damage)
             ... on level 4 of the Dungeon.
             The game lasted 00:04:02 (3144 turns).

Gorglomux the Skirmisher (Vine Stalker Fighter)     Turns: 3144, Time: 00:04:04

Health: 0/37       AC: 10    Str: 19    XL:     7   Next: 7%
Magic:  0/8        EV:  6    Int:  8    God:
Gold:   194        SH: 11    Dex: 15    Spells: 6/6 levels left

rFire    . . .     SeeInvis .   a - +0 rapier
rCold    . . .     Gourm    .   l - +2 shield
rNeg     . . .     Faith    .   M - +0 chain mail
rPois    .         Spirit   +   (no helmet)
rElec    .         Reflect  .   Y - +0 cloak
rCorr    .         Harm     .   (no gloves)
MR       .....                  (no boots)
Stlth    ..........             (no amulet)
Regen    0.6/turn               (no ring)
MPRegen  0.2/turn               (no ring)

@: no status effects
A: fangs 2, regeneration 1, magic shield, antimagic bite, no potion heal 3, rot
immunity
a: no special abilities


You were on level 4 of the Dungeon.
You were not hungry.

You visited 1 branch of the dungeon, and saw 4 of its levels.
You also visited: Sewer.

You collected 194 gold pieces.

Inventory:

Hand Weapons
 a - a +0 rapier (weapon)
Missiles
 Z - a throwing net (quivered)
Armour
 b - a +0 scale mail
 c - a +0 shield
 l - a +2 shield (worn)
 M - a +0 chain mail (worn)
 Y - a +0 cloak (worn)
Wands
 R - a wand of polymorph (1/24)
 S - a wand of scattershot (4/9)
Scrolls
 j - 2 scrolls of blinking {unknown}
 N - 2 scrolls of identify {unknown}
 Q - 2 scrolls of immolation {unknown}
 T - a scroll of random uselessness {unknown}
 U - 2 scrolls of amnesia {unknown}
 W - 4 scrolls of remove curse {unknown}
 X - a scroll of teleportation {unknown}
Potions
 d - 2 potions of might
 g - a potion of heal wounds {unknown}
 k - 3 potions of mutation {unknown}
 L - 2 potions of flight {unknown}
 P - a potion of cancellation {unknown}
 V - 4 potions of curing {unknown}
Comestibles
 f - 2 bread rations
 i - a royal jelly
 O - 3 chunks of flesh


   Skills:
 + Level 4.1 Fighting
 + Level 3.1 Short Blades
 + Level 3.3 Armour
 + Level 2.4 Dodging
 + Level 4.0 Shields


You had 6 spell levels left.
You didn't know any spells.

Dungeon Overview and Level Annotations

Branches:
Dungeon (4/15)
 Temple: D:4-7

Altars:
Cheibriados
Elyvilon
Fedhas
Hepliaklqana

Annotations:
D:4 Menkaure


Innate Abilities, Weirdness & Mutations

You have extremely sharp teeth.
Your natural rate of healing is unusually fast.
When hurt, damage is shared between your health and your magic reserves.
Your bite disrupts and absorbs the magic of your enemies.
Potions cannot restore your health.
You are immune to rotting.


Message History

Menkaure hits you.
You hit Menkaure. You bite Menkaure, but do no damage.
Menkaure is severely damaged.
Menkaure hits you. You block Menkaure's attack.
You barely miss Menkaure. Your bite misses Menkaure.
Menkaure is severely damaged.
Menkaure hits you!
* * * LOW HITPOINT WARNING * * *
You are too injured to fight recklessly!
You are too injured to fight recklessly!
You are too injured to fight recklessly!
You are too injured to fight recklessly!
You are too injured to fight recklessly!
Menkaure is nearby!
Unknown command.
You hit Menkaure. You bite Menkaure.
Menkaure's magic leaks into the air.
You drain his magic.
You feel invigorated.
Menkaure is severely damaged.
Menkaure hits you!
You die...

########## #......_.#
#........# ##
#(.......# #.
#...M@...############.
#>.....................
#.........########.....
#.........# #.....
#.##.$..### #..... #
#.#### #..... #. #..../
## ###### ##


You could see Menkaure.

Vanquished Creatures
  The ghost of nubinia the Conjurer, an amateur DECj (D:3)
  An ogre (D:2)
  A big kobold (Sewer)
  Jessica (D:3)
  A worker ant (D:4)
  A gnoll (D:4)
  4 adders
  A river rat (Sewer)
  2 oozes (D:3)
  An adder skeleton (D:4)
  2 worms (D:2)
  6 leopard geckos
  4 giant cockroaches
  6 hobgoblins
  4 jackals
  9 kobolds
  2 quokkas (D:2)
  3 ball pythons
  8 bats
  9 frilled lizards
  10 goblins
  11 rats
88 creatures vanquished.

Notes
Turn   | Place    | Note
-------+----------+-------------------------------------------
     0 | D:1      | Gorglomux the Vine Stalker Fighter began the quest for the Orb.
     0 | D:1      | Reached XP level 1. HP: 11/11 MP: 2/2
   237 | D:1      | Reached XP level 2. HP: 16/16 MP: 3/3
   306 | D:1      | Reached skill level 3 in Fighting
   572 | D:2      | Reached XP level 3. HP: 19/20 MP: 4/4
  1421 | D:2      | Found a hazy altar of Hepliaklqana.
  1449 | D:2      | Reached skill level 1 in Dodging
  1449 | D:2      | Reached skill level 3 in Shields
  1657 | D:2      | Found a blossoming altar of Fedhas.
  1884 | D:2      | Gained mutation: Your natural rate of healing is unusually fast. [Vine Stalker growth]
  1884 | D:2      | Reached XP level 4. HP: 23/24 MP: 5/5
  2166 | D:3      | Noticed nubinia's ghost (amateur DECj)
  2199 | D:3      | Noticed a wolf
  2199 | D:3      | a frilled lizard changed into a wolf
  2208 | D:3      | Noticed an ogre
  2208 | D:3      | a wolf changed into an ogre
  2260 | D:2      | Killed an ogre
  2260 | D:2      | Reached XP level 5. HP: 24/29 MP: 6/6
  2359 | D:3      | Found a white marble altar of Elyvilon.
  2405 | D:3      | Noticed Jessica
  2410 | D:3      | Killed Jessica
  2448 | D:3      | Reached XP level 6. HP: 33/33 MP: 7/7
  2747 | D:3      | Killed nubinia's ghost
  2747 | D:3      | Reached skill level 3 in Short Blades
  2747 | D:3      | Reached skill level 3 in Armour
  2779 | D:4      | Noticed Ijyb
  2781 | D:4      | Noticed Ijyb
  2781 | D:4      | Ijyb changed into Ijyb the gnoll
  2785 | D:4      | Killed Ijyb the gnoll
  2810 | D:4      | Found a glowing drain.
  2843 | Sewer    | Entered a sewer
  2934 | Sewer    | Reached XP level 7. HP: 37/37 MP: 8/8
  2974 | Sewer    | Found a white marble altar of Elyvilon.
  3132 | D:4      | Found a snail-covered altar of Cheibriados.
  3133 | D:4      | Noticed Menkaure
  3144 | D:4      | Slain by Menkaure

Skill      XL: |  1  2  3  4  5  6 |
---------------+-------------------+-----
Fighting       | 3 4 |  4.1
Short Blades   | 2 3 |  3.1
Dodging        | 1 2 |  2.4
Shields        | 3 4 |  4.0
Armour         | 3 |  3.3

Action                   |  1- 3 |  4- 6 |  7- 9 || total
-------------------------+-------+-------+-------++-------
Melee: Rapier            |   131 |   153 |    34 ||   318
       Bite              |    29 |    44 |    12 ||    85
Evoke: Wand              |       |     6 |       ||     6
  Eat: Chunk             |     3 |     4 |     1 ||     8
Armor: Scale mail        |    69 |    33 |       ||   102
       Chain mail        |       |    32 |    18 ||    50
Dodge: Dodged            |    37 |    36 |     3 ||    76
Block: Shield            |    75 |    89 |    22 ||   186
